 Dungeon Crawl Stone Soup version 0.28-a0-732-g75e6d9beac (webtiles) character file.

Game seed: 12177201952043316954

2685 Johnny the Carver (level 9, -7/111 HPs)
             Began as a Human Berserker on Oct 28, 2021.
             Was a Priest of Trog.
             Mangled by an 11-headed hydra (10 damage)
             ... on level 7 of the Dungeon.
             The game lasted 00:05:32 (7125 turns).

Johnny the Carver (Human Berserker)                 Turns: 7125, Time: 00:05:33

Health: -7/111     AC:  9    Str: 20    XL:     9   Next: 96%
Magic:  9/9        EV: 11    Int:  5    God:    Trog [***...]
Gold:   960        SH:  0    Dex: 13    Spells: 8/8 levels left

rFire   . . .      SeeInvis .   s - +2 scimitar (drain)
rCold   . . .      Faith    .   (no shield)
rNeg    + + +      Spirit   .   b - +0 swamp dragon scales
rPois   +          Reflect  .   m - +0 helmet
rElec   +          Harm     .   (no cloak)
rCorr   .          Rampage  .   (no gloves)
Will    ++...                   n - +0 pair of boots
Stlth   ..........              l - amulet "Suqegaw" {*Slow rElec rN+++ Regen+ Int-3}
HPRegen 2.28/turn               (no ring)
MPRegen 0.11/turn               (no ring)

@: berserking, strong-willed, regenerating, very quick
A: no striking features
a: Renounce Religion, Berserk, Trog's Hand


You were on level 7 of the Dungeon.
You worshipped Trog.
Trog was most pleased with you.
You visited 1 branch of the dungeon, and saw 7 of its levels.

You collected 1072 gold pieces.
You spent 112 gold pieces at shops.

Inventory:

Hand Weapons
 s - a +2 scimitar of draining (weapon)
Armour
 b - +0 swamp dragon scales (worn)
 m - a +0 helmet (worn)
 n - a +0 pair of boots (worn)
Jewellery
 l - the amulet "Suqegaw" (around neck) {*Slow rElec rN+++ Regen+ Int-3}
   (You acquired it on level 7 of the Dungeon)

   [amulet of regeneration]

   Int:       It affects your intelligence (-3).
   rElec:     It insulates you from electricity.
   rN:        It renders you almost immune to negative energy.
   Regen:     It increases your rate of health regeneration.
   *Slow:     It may slow you when you take damage.
Scrolls
 a - a scroll of enchant armour {unknown}
 c - 2 scrolls of immolation
 h - a scroll of magic mapping
 j - a scroll of noise
 o - a scroll of vulnerability
 p - a scroll of holy word
 q - 2 scrolls of blinking
 r - 2 scrolls of teleportation
 t - a scroll of identify
Potions
 d - a potion of heal wounds
 e - a potion of haste
 f - a potion of curing {unknown}
 g - a potion of attraction {unknown}
 i - a potion of magic {unknown}
 k - a potion of flight {unknown}


   Skills:
 + Level 8.0 Fighting
 * Level 11.0 Long Blades
 - Level 2.0 Armour
 - Level 2.0 Dodging


You had 8 spell levels left.
You didn't know any spells.
Your spell library was empty.

Dungeon Overview and Level Annotations

Branches:
Dungeon (7/15)             Temple (0/1) D:4

Altars:
Zin
The Shining One

Shops:
D:1 :   D:4 ?


Message History

The seven-headed hydra grows two more!
You slice the nine-headed hydra!! You drain the nine-headed hydra.
The nine-headed hydra is moderately wounded.
The nine-headed hydra closely misses you.
The nine-headed hydra barely misses you.
The nine-headed hydra bites you.
The nine-headed hydra bites you but does no damage. x2
The nine-headed hydra bites you. The nine-headed hydra bites you! x2
The nine-headed hydra bites you but does no damage.
You lop one of the nine-headed hydra's heads off!
The eight-headed hydra grows two more!
You slice the ten-headed hydra!!
The ten-headed hydra is heavily wounded.
The gnoll sergeant hits you but does no damage.
The ten-headed hydra bites you but does no damage.
The ten-headed hydra bites you! x2
* * * LOW HITPOINT WARNING * * *
The ten-headed hydra bites you!
* * * LOW HITPOINT WARNING * * *
The ten-headed hydra bites you.
* * * LOW HITPOINT WARNING * * *
The ten-headed hydra bites you but does no damage. x3
The ten-headed hydra completely misses you.
The ten-headed hydra bites you.
* * * LOW HITPOINT WARNING * * *
You barely miss the ten-headed hydra.
The ten-headed hydra is heavily wounded.
Unknown command.
You slice one of the ten-headed hydra's heads off!
The nine-headed hydra grows two more!
You slice the 11-headed hydra!!
The 11-headed hydra is severely wounded.
The gnoll sergeant closely misses you. The 11-headed hydra barely misses you.
The 11-headed hydra bites you.
* * * LOW HITPOINT WARNING * * *
The 11-headed hydra bites you.
* * * LOW HITPOINT WARNING * * *
The 11-headed hydra closely misses you.
The 11-headed hydra bites you but does no damage.
The 11-headed hydra closely misses you. The 11-headed hydra misses you.
The 11-headed hydra bites you!
You die...

#. #..#......#
#'##
######D##.######
#...##8##.g.##.#
#..'...g..###.#
#.#.#8D8#.#.##.#
#8.8######.#
#8D8######.#
##'##......#
#.D#@######
##gD.#....#
#.###.##.#
#.#<...#.#
#.#....#.#
#.#.#.##.#
#.#.#..#.#
#.#.##.#.#
#.#.##.#.#


You could see a 11-headed hydra (drained) and a gnoll sergeant.

Vanquished Creatures
  A cyclops (D:7)
  Maggie (D:6)
  A steam dragon (D:7)
  3 orc warriors (D:6)
  A black bear (D:4)
  A necrophage (D:6)
  2 centaurs
  3 bullfrogs
  Blork the orc (D:4)
  A scorpion (D:6)
  A wyvern skeleton (D:7)
  4 wights (D:7)
  A bullfrog zombie (D:6)
  A centaur zombie (D:5)
  4 hounds
  A bullfrog skeleton (D:7)
  A jelly (D:6)
  4 iguanas
  6 orc wizards
  2 hound skeletons (D:4)
  3 gnolls (D:4)
  3 howler monkey skeletons
  4 adders
  3 shadow imps (D:6)
  A white imp (D:7)
  3 dart slugs (D:1)
  18 orcs
  8 endoplasms
  5 giant cockroaches
  7 goblins
  9 hobgoblins
  5 jackals
  5 kobolds
  3 quokkas
  6 ball pythons
  10 bats
  7 frilled lizards
  9 rats
149 creatures vanquished.

Notes
Turn   | Place    | Note
-------+----------+-------------------------------------------
     0 | D:1      | Johnny the Human Berserker began the quest for the Orb.
     0 | D:1      | Reached XP level 1. HP: 18/18 MP: 1/1
    96 | D:1      | Reached XP level 2. HP: 24/24 MP: 2/2
   207 | D:1      | Found a faded altar of an unknown god.
   707 | D:1      | Reached XP level 3. HP: 29/29 MP: 3/3
   752 | D:1      | Found Ejaadim's Book Emporium.
  1038 | D:1      | Reached ** piety under Trog
  1182 | D:1      | Reached skill level 4 in Long Blades
  1498 | D:2      | Reached XP level 4. HP: 32/35 MP: 4/4
  2745 | D:3      | Reached *** piety under Trog
  2927 | D:3      | Found a glowing golden altar of the Shining One.
  3046 | D:4      | Reached XP level 5. HP: 42/42 MP: 5/5
  3084 | D:4      | Reached skill level 5 in Long Blades
  3184 | D:4      | Noticed Blork the orc
  3195 | D:4      | Killed Blork the orc
  3196 | D:4      | Reached XP level 6. HP: 21/49 MP: 6/6
  3450 | D:4      | Found a staircase to the Ecumenical Temple.
  3932 | D:4      | Found Plog's Magic Scroll Boutique.
  3935 | D:4      | Bought a scroll of identify for 28 gold pieces
  3935 | D:4      | Bought a scroll of identify for 28 gold pieces
  3935 | D:4      | Bought a scroll of identify for 28 gold pieces
  3935 | D:4      | Bought a scroll of identify for 28 gold pieces
  3941 | D:4      | Identified a scroll of acquirement
  3943 | D:4      | Acquired 828 gold pieces
  4270 | D:4      | Noticed a black bear
  4279 | D:4      | Killed a black bear
  4280 | D:4      | Reached skill level 6 in Long Blades
  4280 | D:4      | Reached XP level 7. HP: 55/55 MP: 7/7
  4457 | D:5      | Entered Level 5 of the Dungeon
  4503 | D:5      | Noticed a hornet
  4607 | D:6      | Reached skill level 5 in Fighting
  4817 | D:6      | Reached skill level 7 in Long Blades
  4936 | D:6      | Reached XP level 8. HP: 63/63 MP: 8/8
  5242 | D:6      | Reached skill level 8 in Long Blades
  5774 | D:6      | Noticed Maggie
  5783 | D:6      | Killed Maggie
  5784 | D:6      | Reached skill level 9 in Long Blades
  5784 | D:6      | Reached XP level 9. HP: 71/71 MP: 9/9
  6183 | D:7      | Found a glowing silver altar of Zin.
  6363 | D:7      | Reached skill level 10 in Long Blades
  6449 | D:7      | Acquired the amulet "Suqegaw" {*Slow rElec rN+++ Regen+
                  | Int-3}
  6646 | D:7      | Reached **** piety under Trog
  6862 | D:7      | Noticed a cyclops
  6874 | D:7      | Killed a cyclops
  7090 | D:7      | Reached skill level 11 in Long Blades
  7101 | D:7      | Noticed an eight-headed hydra
  7125 | D:7      | HP: 3/111 [11-headed hydra (5)]
  7125 | D:7      | Mangled by an 11-headed hydra

Illustrated notes

Levels and vault maps discovered:
D:1:      minmay_arrival_stone_box, layout_basic,
          ebering_ecumenical_altar_ruins, serial_shops, shop
D:2:      layout_rooms
D:3:      layout_basic, nicolae_tso_swordbearing_angel, serial_park_tiny_2,
          kennysheep_potato
D:4:      layout_loops_ring, minmay_temple_entry_glassed_door, serial_glass,
          glass_columns_a, glass_columns_a, serial_shops,
          nicolae_shop_behind_doors, kennysheep_dice, uniq_blork_the_orc
D:5:      cheibrodos_fzero, layout_rooms, grunt_temple_overflow_octagram,
          grunt_decor_resistance
D:6:      minmay_razor_zed, layout_gridville, uniq_maggie
D:7:      minmay_chambers_of_sevens, layout_basic, mainiacjoe_overflow_boulevard

Skill      XL: |  1  2  3  4  5  6  7  8  9 |
---------------+----------------------------+-----
Long Blades    | 4 5 6 7 9 11 | 11.0
Fighting       | 4 5 6 8 |  8.0
Armour         | |  2.0
Dodging        | |  2.0

Action                   |  1- 3 |  4- 6 |  7- 9 || total
-------------------------+-------+-------+-------++-------
Melee: Falchion          |   106 |   180 |    38 ||   324
       Scimitar          |       |       |   202 ||   202
Invok: Berserk           |       |     5 |     9 ||    14
       Trog's Hand       |       |     2 |     5 ||     7
  Use: Scroll            |       |    10 |     7 ||    17
 Stab: Sleeping          |     3 |       |       ||     3
Armor: Animal skin       |    16 |       |       ||    16
       Scale mail        |       |    84 |    53 ||   137
       Swamp dragon scal |       |       |    51 ||    51
Dodge: Dodged            |    68 |    86 |   115 ||   269

Table legend: (Time is in decaauts)
 A = Elapsed time spent in this place.
 B = Non-inter-level travel time spent in this place.
 C = Inter-level travel time spent in this place.
 D = Time resting spent in this place.
 E = Time spent auto-exploring this place.
 F = Levels seen in this place.
 G = Mean time per level.
                   A        B        C        D        E       F      G
               +--------+--------+--------+--------+--------+-----+--------+
         Total |   7242 |   7096 |    146 |   1290 |   4715 |   7 | 1034.6 |
       Dungeon |   7242 |   7096 |    146 |   1290 |   4715 |   7 | 1034.6 |
               +--------+--------+--------+--------+--------+-----+--------+

Top non-repeatable levels by time:
     D:6: 1643 daAuts
     D:4: 1497 daAuts
     D:1: 1245 daAuts
     D:3: 1000 daAuts
     D:7: 980 daAuts
     D:2: 809 daAuts
     D:5: 65 daAuts
